 Dungeon Crawl Stone Soup version 0.29-a0-892-g2c4c91d9db (webtiles) character file.

Game seed: 6703102902696180406

60 wingedge the Trooper (level 3, -2/33 HPs)
             Began as a Minotaur Fighter on July 22, 2022.
             Slain by a gnoll
             ... wielding a +0 flail
              (5 damage)
             ... on level 4 of the Dungeon.
             The game lasted 00:07:12 (2281 turns).

wingedge the Trooper (Minotaur Fighter)             Turns: 2281, Time: 00:07:13

Health: -2/33      AC:  7    Str: 22    XL:     3   Next: 82%
Magic:  2/2        EV:  9    Int:  5    God:
Gold:   135        SH:  4    Dex:  9    Spells: 2/2 levels left

rFire   . . .      SeeInvis .   a - +0 trident
rCold   . . .      Faith    .   c - +0 buckler
rNeg    . . .      Spirit   .   b - +0 scale mail
rPois   .          Reflect  .   (helmet restricted)
rElec   .          Harm     .   (no cloak)
rCorr   .          Rampage  .   (no gloves)
Will    .....                   (no boots)
Stlth   ..........              (no amulet)
HPRegen 0.11/turn               (no ring)
MPRegen 0.08/turn               (no ring)

@: mighty
A: horns 2, retaliatory headbutt
a: no special abilities


You were on level 4 of the Dungeon.
You visited 1 branch of the dungeon, and saw 4 of its levels.

You collected 135 gold pieces.

Inventory:

Hand Weapons
 a - a +0 trident (weapon)
Missiles
 f - 4 poisoned darts
 j - 5 atropa-tipped darts
 n - a boomerang (quivered)
 v - 4 curare-tipped darts
Armour
 b - a +0 scale mail (worn)
 c - a +0 buckler (worn)
Magical Staves
 i - a staff of cold
Wands
 o - a wand of paralysis (8)
Scrolls
 e - a scroll of immolation {unknown}
 g - a scroll of vulnerability {unknown}
 h - 4 scrolls of identify {unknown}
 l - a scroll of brand weapon {unknown}
 m - a scroll of poison {unknown}
 p - a scroll of teleportation {unknown}
 q - a scroll of fear {unknown}
 r - a scroll of noise {unknown}
 u - a scroll of torment {unknown}
 x - a scroll of amnesia {unknown}
Potions
 k - 3 potions of degeneration {unknown}
 s - 2 potions of curing {unknown}
 t - a potion of invisibility {unknown}
 w - 2 potions of resistance {unknown}


   Skills:
 + Level 4.0 Fighting
 * Level 3.6 Polearms
 + Level 1.1 Throwing
 + Level 4.0 Armour
 + Level 4.0 Shields


You had 2 spell levels left.
You didn't know any spells.
Your spell library contained the following spells:

 Spells                   Type           Power      Damage    Failure   Level
 Gell's Gravitas          Tloc           0%         N/A       99%         3
 Lesser Beckoning         Tloc           0%         N/A       99%         3
 Portal Projectile        Hex/Tloc       0%         N/A       99%         3
 Teleport Other           Tloc           0%         N/A       99%         3
 Tukima's Dance           Hex            0%         N/A       99%         3
 Blade Hands              Tmut           0%         N/A       100%        5
 Freezing Cloud           Conj/Ice/Air   0%         6-21      100%        5
 Simulacrum               Ice/Necr       0%         N/A       100%        6
 Polar Vortex             Ice            0%         N/A       100%        9


Dungeon Overview and Level Annotations

Branches:
Dungeon (4/15)
 Temple: D:4-7

Altars:
Vehumet

Shops:
D:1 :   D:3 =


Innate Abilities, Weirdness & Mutations

You have a pair of horns on your head.
You reflexively headbutt those who attack you in melee.


Message History

The necrophage closely misses you. You furiously retaliate!
You headbutt the necrophage, but do no damage.
The gnoll completely misses you.
You barely miss the necrophage. You headbutt the necrophage.
The necrophage is severely damaged.
The gnoll hits you from afar with a +0 spear.
You block the necrophage's attack.
You hit the necrophage.
The necrophage is severely damaged.
The necrophage hits you but does no damage.
You block the gnoll's attack.
You hit the necrophage. Your headbutt misses the necrophage.
The necrophage is almost destroyed.
The necrophage hits you.
The gnoll hits you from afar with a +0 spear.
The gnoll hits you with a +0 flail.
You barely miss the necrophage. Your headbutt misses the necrophage.
The necrophage is almost destroyed.
The necrophage hits you but does no damage.
The gnoll hits you from afar with a +0 spear.
The gnoll closely misses you. The necrophage hits you.
The gnoll hits you with a +0 flail. The gnoll closely misses you.
You are too injured to fight recklessly!
Sorry, you're not good enough to have a special ability.
Unknown command.
You feel very mighty all of a sudden. The necrophage barely misses you.
The gnoll barely misses you. The gnoll hits you with a +0 flail.
* * * LOW HITPOINT WARNING * * *
You hit the necrophage.
The necrophage is almost destroyed.
You block the necrophage's attack.
The gnoll hits you from afar with a +0 spear.
* * * LOW HITPOINT WARNING * * *
The gnoll barely misses you.
You closely miss the necrophage.
The necrophage is almost destroyed.
The necrophage barely misses you. The gnoll closely misses you.
The gnoll hits you with a +0 flail.
You die...

#. ##.# #...# .
.........## .#
#.....#....## ..#
#.)..# .g..###.#
#...# #ng....#
#...## #@....##
#....## ##......#
#.....###...##....
#..........## ...
#..##.......# .
##.####......#
##.## #........#
##>## #...##.....
##.## #...# ##....


You could see a necrophage and 2 gnolls.

Vanquished Creatures
  An adder (D:2)
  A worm (D:3)
  2 dart slugs (D:2)
  4 orcs (D:3)
  5 ball pythons
  4 endoplasms
  A giant cockroach (D:3)
  A goblin (D:1)
  3 hobgoblins
  5 kobolds
  5 bats
  3 frilled lizards
  5 rats
40 creatures vanquished.

Notes
Turn   | Place    | Note
-------+----------+-------------------------------------------
     0 | D:1      | wingedge the Minotaur Fighter began the quest for the Orb.
     0 | D:1      | Reached XP level 1. HP: 19/19 MP: 0/0
   224 | D:1      | Reached XP level 2. HP: 25/27 MP: 1/1
   236 | D:1      | Found a faded altar of an unknown god.
   255 | D:1      | Prayed at the altar of an unknown god.
   255 | D:1      | Became a worshipper of Vehumet
   255 | D:1      | Reached * piety under Vehumet
   255 | D:1      | Offered knowledge of Magic Dart by Vehumet.
   263 | D:1      | Fell from the grace of Vehumet
   340 | D:1      | Found Roedueso's Book Emporium.
   925 | D:2      | Reached XP level 3. HP: 33/33 MP: 2/2
  1451 | D:3      | Found Ysoonede's Jewellery Emporium.
  1537 | D:3      | Reached skill level 1 in Throwing
  2269 | D:4      | Noticed a necrophage
  2281 | D:4      | Slain by a gnoll

Illustrated notes

Levels and vault maps discovered:
D:1:      minmay_arrival_nine_rooms, layout_rooms, serial_shops,
          nicolae_lakefront_shop, dreamdust_ecumenical_altar_angels_and_demons
D:2:      layout_loops_corners
D:3:      layout_loops_ring, serial_shops, shop
D:4:      layout_layer_cave

Skill      XL: |  1  2  3 |
---------------+----------+-----
Polearms       | 3 |  3.6
Throwing       | 1 |  1.1
Fighting       | 4 |  4.0
Armour         | 4 |  4.0
Shields        | 4 |  4.0

Action                   || total
-------------------------++-------
Melee: Trident           ||    71
       Headbutt          ||     7
Throw: Dart              ||     4
       Boomerang         ||    27
Invok: Renounce Religion ||     1
  Use: Potion            ||     1
Armor: Scale mail        ||    34
Dodge: Dodged            ||    32
Block: Buckler           ||    11

Table legend: (Time is in decaauts)
 A = Elapsed time spent in this place.
 B = Non-inter-level travel time spent in this place.
 C = Inter-level travel time spent in this place.
 D = Time resting spent in this place.
 E = Time spent auto-exploring this place.
 F = Levels seen in this place.
 G = Mean time per level.
                   A        B        C        D        E       F      G
               +--------+--------+--------+--------+--------+-----+--------+
         Total |   2302 |   2144 |    158 |      0 |   1666 |   4 |  575.5 |
       Dungeon |   2302 |   2144 |    158 |      0 |   1666 |   4 |  575.5 |
               +--------+--------+--------+--------+--------+-----+--------+

Top non-repeatable levels by time:
     D:2: 828 daAuts
     D:3: 823 daAuts
     D:1: 602 daAuts
     D:4: 46 daAuts
